 Dungeon Crawl Stone Soup version 0.32-a0-468-g38b2580584 (webtiles) character file.

Game seed: 10030121655660648766

3241 TestPilot the Summoner (level 9, 0/57 HPs)
             Began as a Mummy Summoner on Feb 24, 2024.
             Engulfed by a cloud of steam (3 damage)
             ... on level 8 of the Dungeon.
             The game lasted 00:14:49 (8336 turns).

TestPilot the Summoner (Mummy Summoner)             Turns: 8336, Time: 00:14:50

Health: 0/57       AC:  3    Str: 18    XL:     9   Next: 67%
Magic:  19/21      EV: 11    Int: 18    God:
Gold:   399        SH:  0    Dex: 10    Spells: 17/25 levels left

rFire   . . .        j - +0 dagger (elec)
rCold   + . .        (no shield)
rNeg    + + +        a - +0 robe
rPois   ∞            (no helmet)
rElec   .            (no cloak)
rCorr   .            (no gloves)
SInv    .            b - +0 pair of boots
Will    +++..        (no amulet)
Stlth   +++          i - ring "Tusanakk" {rF+ Will++ Dex-2 Stlth+}
HPRegen 0.29/turn    h - +6 ring of strength
MPRegen 0.17/turn

%: faith
@: unable to call your familiar
A: cold resistance 1, negative energy resistance 3, torment resistance 2, heat
vulnerability 1, in touch with death 1, no potions, faith
a: no special abilities


You were on level 8 of the Dungeon.
You visited 2 branches of the dungeon, and saw 9 of its levels.

You collected 399 gold pieces.

Inventory:

Hand Weapons
 j - a +0 dagger of electrocution (weapon)
Missiles
 v - a curare-tipped dart
Armour
 a - a +0 robe (worn)
 b - a +0 pair of boots (worn)
Jewellery
 h - a +6 ring of strength (right hand)
 i - the ring "Tusanakk" (left hand) {rF+ Will++ Dex-2 Stlth+}
   (You found it on level 2 of the Dungeon)

   [ring of protection from fire]

   Dex-2:     It affects your dexterity (-2).
   rF+:       It protects you from fire.
   Will++:    It greatly increases your willpower.
   Stlth+:    It makes you more stealthy.
Wands
 p - a wand of polymorph (8)
 u - a wand of charming (7)
 w - a wand of flame (12)
Scrolls
 c - a scroll of butterflies {unknown}
 d - a scroll of enchant weapon {unknown}
 e - a scroll of vulnerability {unknown}
 f - 2 scrolls of immolation {unknown}
 g - 8 scrolls of identify {unknown}
 k - 2 scrolls of enchant armour {unknown}
 m - a scroll of noise {unknown}
 n - a scroll of teleportation {unknown}
 o - a scroll of torment {unknown}
 q - a scroll of revelation {unknown}
 r - a scroll of blinking {unknown}
 s - a scroll of fog {unknown}
 t - a scroll of silence {unknown}
 x - 2 scrolls of poison {unknown}


   Skills:
 - Level 1.5 Dodging
 - Level 1.5 Stealth
 + Level 8.9 Spellcasting
 * Level 9.1 Summonings
 - Level 5.0 Air Magic


You had 17 spell levels left.
You knew the following spells:

 Your Spells              Type           Power      Damage    Failure   Level
c - Call Canine Familiar  Summ           40%        N/A       1%          3
l - Summon Lightning Spi  Summ/Air       33%        N/A       4%          4
s - Summon Small Mammal   Summ           100%       N/A       1%          1

Your spell library contained the following spells:

 Spells                   Type           Power      Damage    Failure   Level
 Call Imp                 Summ           80%        N/A       1%          2
 Mercury Vapours          Alch/Air       34%        N/A       4%          2
 Freeze                   Ice            32%        1d5       9%          1
 Mephitic Cloud           Conj/Alch/Air  14%        N/A       14%         3
 Summon Blazeheart Golem  Fire/Summ      24%        N/A       14%         4
 Frozen Ramparts          Ice            16%        1d3       26%         3
 Hailstorm                Conj/Ice       8%         3d5       26%         3
 Tukima's Dance           Hex            8%         N/A       26%         3
 Dimensional Bullseye     Hex/Tloc       4%         N/A       65%         4
 Iskenderun's Mystic Bla  Conj/Tloc      8%         2d4       65%         4
 Leda's Liquefaction      Alch/Erth      4%         N/A       65%         4
 Freezing Cloud           Conj/Ice/Air   7%         6-21      77%         5
 Lee's Rapid Deconstruct  Erth           4%         3d5*      94%         5
 Bombard                  Conj/Erth      4%         9d2       100%        6


Dungeon Overview and Level Annotations

Branches:
Dungeon (8/15)             Temple (1/1) D:7
   Lair: D:8-11

Altars:
Ashenzari
Cheibriados
Dithmenos
Fedhas
Gozag
Hepliaklqana
Makhleb
Nemelex Xobeh
Okawaru
Qazlal
Ru
Uskayaw
Vehumet
Wu Jian
Xom
Yredelemnul

Shops:
D:8 (

Annotations:
D:3 2 transporters, casual's ghost, amateur DjAE
D:4 Dowan; Duvessa
D:8 Maurice


Innate Abilities, Weirdness & Mutations

You are immune to poison.
Your flesh is cold resistant. (rC+)
You are immune to negative energy. (rN+++)
You are immune to unholy pain and torment.
You are vulnerable to heat. (rF-)
You are in touch with the powers of death.
You do not drink.
You have a special connection with the divine. (Faith)


Message History

The steam dragon bites you!
The steam dragon claws you but does no damage.
Aiming: Mindburst
Press: ? - help, Q - select action, (/) - cycle Shift-Dir - straight line, f/p - steam dragon
Aim: a steam dragon (moderately wounded, chance to affect: 64%)
The steam dragon struggles to resist.
The steam dragon bites you! The steam dragon closely misses you.
Aiming: Mindburst
Press: ? - help, Q - select action, (/) - cycle Shift-Dir - straight line, f/p - steam dragon
Aim: a steam dragon (moderately wounded, chance to affect: 64%)
The steam dragon struggles to resist.
The steam dragon closely misses you. The steam dragon claws you.
Aiming: Mindburst
Press: ? - help, Q - select action, (/) - cycle Shift-Dir - straight line, f/p - steam dragon
Aim: a steam dragon (moderately wounded, chance to affect: 64%)
The steam dragon's mind is blasted!
The steam dragon bites you.
* * * LOW HITPOINT WARNING * * *
The steam dragon claws you but does no damage.
Aiming: Mindburst
Press: ? - help, Q - select action, (/) - cycle Shift-Dir - straight line, f/p - steam dragon
Aim: a steam dragon (almost dead, chance to affect: 64%)
The steam dragon struggles to resist.
The now-empty wand crumbles to dust.
The steam dragon bites you but does no damage.
The steam dragon closely misses you.
Aiming: Throw Flame
Press: ? - help, Q - select action, (/) - cycle Shift-Dir - straight line, f/p - steam dragon
Aim: a steam dragon (almost dead, 68% to hit)
The puff of flame hits the steam dragon but does no damage.
The steam dragon is almost dead.
The steam dragon breathes steam at you. The ball of steam hits you!
* * * LOW HITPOINT WARNING * * *
Aiming: Throw Flame
Press: ? - help, Q - select action, (/) - cycle Shift-Dir - straight line, f/p - steam dragon
Aim: a steam dragon (almost dead, catching its breath, 68% to hit)
The puff of flame hits the steam dragon.
You kill the steam dragon!
You are engulfed in a cloud of scalding steam.
You die...

### ..# #.# #
#.# #.#.#
#.#.## #....#
.. ###..###
#. ##.†@§# #.
#...#.#
.#####.
#.###.#
....... #.#
#.# .......
#§# #.#
.....Dh####§#
#.#
....##.(D.D.#
#.#
........#####
#.# .....##.#
#.#


There were no monsters in sight!

Vanquished Creatures
  A two-headed ogre (D:8)
  A wyvern (D:5)
  A steam dragon (D:8)
  A centaur (D:5)
  A wight (D:7)
  A howler monkey (D:5)
  3 crimson imps (D:8)
  3 hounds (D:5)
  3 iguanas
  An orc (D:5)
  4 ball pythons
  2 bats (D:1)
  4 endoplasms
  4 goblins
  2 hobgoblins
  A jackal (D:1)
  2 kobolds (D:4)
  3 quokkas
  A frilled lizard (D:2)
  A rat (D:3)
40 creatures vanquished.

Vanquished Creatures (collateral kills)
  Grinder (D:6)
  A steam dragon (D:8)
  A water moccasin (D:7)
  A sky beast (D:7)
  A black bear (D:7)
  An ogre (D:5)
  A centaur (D:8)
  A kobold brigand (D:7)
  A bullfrog (D:7)
  A scorpion (D:4)
  6 wights
  7 killer bees
  A crimson imp (D:8)
  2 bombardier beetles
  2 hounds
  3 jellies
  A sleepcap (D:6)
  2 iguanas (D:6)
  4 adders
  3 shadow imps
  2 white imps
  3 ribbon worms
  3 dart slugs
  6 orcs
  3 endoplasms
  2 giant cockroaches
  7 goblins
  7 hobgoblins
  3 jackals
  4 quokkas
  6 ball pythons
  2 bats
  2 frilled lizards
  7 kobolds
  2 rats (D:2)
100 creatures vanquished.

Grand Total: 140 creatures vanquished

Notes
Turn   | Place    | Note
-------+----------+-------------------------------------------
     0 | D:1      | TestPilot the Mummy Summoner began the quest for the Orb.
     0 | D:1      | Reached XP level 1. HP: 13/13 MP: 4/4
   217 | D:1      | Reached XP level 2. HP: 15/19 MP: 1/5
   450 | D:1      | Reached skill level 1 in Air Magic
   897 | D:1      | Reached XP level 3. HP: 24/24 MP: 5/7
  1089 | D:1      | Learned a level 3 spell: Call Canine Familiar
  1264 | D:2      | Identified the ring "Tusanakk" {rF+ Will++ Dex-2 Stlth+}
  1697 | D:2      | Reached XP level 4. HP: 30/30 MP: 1/9
  1853 | D:2      | Found a shadowy altar of Dithmenos.
  2403 | D:3      | Found a transporter.
  2471 | D:3      | Noticed a phantom
  2488 | D:3      | Found a transporter.
  2503 | D:3      | Noticed casual's ghost (amateur DjAE)
  2595 | D:3      | Reached skill level 4 in Summonings
  3847 | D:4      | Reached XP level 5. HP: 35/35 MP: 4/10
  3919 | D:4      | Noticed Duvessa
  3919 | D:4      | Noticed Dowan
  3963 | D:5      | Entered Level 5 of the Dungeon
  4087 | D:4      | Reached XP level 6. HP: 29/41 MP: 6/12
  4256 | D:5      | Noticed a wyvern
  4267 | D:5      | Killed a wyvern
  4354 | D:5      | Reached skill level 5 in Summonings
  4354 | D:5      | Reached XP level 7. HP: 46/46 MP: 7/14
  4428 | D:5      | Learned a level 4 spell: Summon Lightning Spire
  4718 | D:5      | Reached skill level 5 in Spellcasting
  5710 | D:6      | Noticed Grinder
  5738 | D:6      | Killed Grinder
  5739 | D:6      | Reached skill level 6 in Summonings
  5739 | D:6      | Reached skill level 5 in Air Magic
  5739 | D:6      | Reached XP level 8. HP: 45/52 MP: 10/16
  6032 | D:6      | Found a shadowy altar of Dithmenos.
  6032 | D:6      | Found a snail-covered altar of Cheibriados.
  6032 | D:6      | Found an ornate altar of the Wu Jian Council.
  6038 | D:6      | Found a hide-covered altar of Uskayaw.
  6038 | D:6      | Found a burning altar of Makhleb.
  6113 | D:6      | Found a stormy altar of Qazlal.
  6293 | D:7      | Reached skill level 7 in Summonings
  6484 | D:7      | Found a staircase to the Ecumenical Temple.
  6515 | D:7      | Reached XP level 9. HP: 57/57 MP: 8/20
  6521 | Temple   | Entered the Ecumenical Temple
  7368 | D:8      | Noticed Maurice
  7499 | D:8      | Reached skill level 8 in Summonings
  7605 | D:8      | Noticed a two-headed ogre
  7621 | D:8      | Killed a two-headed ogre
  7909 | D:8      | Found Dech's Weapon Shop.
  7920 | D:8      | Found a shimmering altar of Xom.
  7948 | D:8      | Reached skill level 9 in Summonings
  8336 | D:8      | Engulfed by a cloud of steam

Illustrated notes

Levels and vault maps discovered:
D:1:      orjb1_lava_funnel, layout_loops_ring
D:2:      minmay_diamond_boxcup, layout_basic, basic_altar
D:3:      layout_rooms, gammafunk_ghost_mausoleum, minmay_between
D:4:      layout_gridville, grunt_ministairs_1, uniq_duvessa
D:5:      layout_basic
D:6:      layout_cave_pools, gammafunk_temple_overflow_pools,
          minmay_overflow_temple_hex, uniq_grinder
D:7:      layout_layer_cave, minmay_temple_entry_overgrown
D:8:      layout_basic, led_xom_imps, serial_shops, shop, uniq_maurice
Temple:   zaba_magenta_temple

Skill      XL: |  1  2  3  4  5  6  7  8  9 |
---------------+----------------------------+-----
Spellcasting   | 3 4 5 7 8 |  8.9
Air Magic      | 1 2 3 5 |  5.0
Summonings     | 4 5 6 7 9 |  9.1
Dodging        | |  1.5
Stealth        | |  1.5

Action                     |  1- 3 |  4- 6 |  7- 9 || total
---------------------------+-------+-------+-------++-------
  Melee: Unarmed           |    70 |     2 |       ||    72
         Dagger            |       |    67 |    54 ||   121
   Cast: Summon Small Mamm |    57 |    54 |    52 ||   163
         Call Canine Famil |     7 |    15 |    41 ||    63
         Summon Lightning  |       |       |    20 ||    20
  Evoke: Wand              |       |     1 |     9 ||    10
   Stab: Distracted        |     1 |       |     1 ||     2
         Sleeping          |       |     5 |       ||     5
 Armour: Robe              |    68 |    48 |    59 ||   175
  Dodge: Dodged            |    62 |    47 |    55 ||   164

Table legend: (Time is in decaauts)
 A = Elapsed time spent in this place.
 B = Non-inter-level travel time spent in this place.
 C = Inter-level travel time spent in this place.
 D = Time resting spent in this place.
 E = Time spent auto-exploring this place.
 F = Levels seen in this place.
 G = Mean time per level.
                   A        B        C        D        E       F      G
               +--------+--------+--------+--------+--------+-----+--------+
         Total |   8334 |   7717 |    617 |    822 |   5512 |   9 |  926.0 |
       Dungeon |   8332 |   7715 |    617 |    822 |   5512 |   8 | 1041.5 |
        Temple |      1 |      1 |      0 |      0 |      0 |   1 |    1.0 |
               +--------+--------+--------+--------+--------+-----+--------+

Top non-repeatable levels by time:
     D:4: 1260 daAuts
     D:7: 1232 daAuts
     D:5: 1097 daAuts
     D:1: 1090 daAuts
     D:2: 1067 daAuts
     D:8: 899 daAuts
     D:6: 865 daAuts
     D:3: 819 daAuts
  Temple: 1 daAuts
